AoeStats
← VIP IVORY

Arabia

510395901Analyzed
3v3 RM · 24h ago on Sep 30, 2026· 65m 54s· 6 players
Game mode
Random Map
Map size
Normal (6 player)
Population
200
Speed
Normal
Resources
Standard
Victory
Conquest
Starting age
Dark Age
Ending age
Imperial Age
RankedLock teamsTeams togetherTeam positionsShared explorationLock speedFull tech treeHidden civsTurbo modeCheats
Victory
Defeat
🇪🇸 Saxons · Spain
1534
+10
🇪🇸 Muisca · Spain
1436
+14
🇺🇸 Persians · United States
1286
+19
🇲🇽 Franks · Mexico
1453
-17
🇪🇸 Maya · Spain
1443
-17
🇲🇽 Celts · Mexico
1246
-9
VIP IVORY
5:30 Loom
8:07 Feudal Age
8:40 Double-Bit Axe
9:20 Town Watch
15:19 Scale Barding Armor
16:22 Bloodlines
18:24 Horse Collar
22:18 Castle Age
20:35 Gold Mining
22:11 Horse Collar
22:55 Forging
22:50 Husbandry
24:02 Bow Saw
26:16 Chain Barding Armor
29:21 Iron Casting
32:51 Gold Shaft Mining
32:10 Stone Mining
35:07 Wheelbarrow
34:57 Fletching
40:26 Imperial Age
40:05 Hand Cart
39:51 Town Patrol
39:54 Bodkin Arrow
41:21 Plate Barding Armor
40:23 Cavalier
42:35 Savar
44:33 Blast Furnace
43:08 Heavy Camel Rider
45:05 Stone Shaft Mining
45:32 Conscription
50:42 Padded Archer Armor
53:50 Ballistics
54:32 Chemistry
54:03 Guilds
54:24 Coinage
53:51 Guard Tower
58:47 Caravan
59:19 Banking
60:32 Light Cavalry
62:14 Hussar
Ux'Tycho0201
6:02 Loom
9:04 Feudal Age
11:24 Fletching
29:27 Castle Age
29:39 Double-Bit Axe
33:45 Horse Collar
36:38 Town Watch
49:33 Wheelbarrow
50:00 Bow Saw
49:51 Heavy Plow
56:40 Gold Mining
56:41 Stone Mining
57:41 Hand Cart
61:03 Imperial Age
59:25 Bodkin Arrow
59:31 Padded Archer Armor
60:12 Gold Shaft Mining
59:09 Elite Skirmisher
59:55 Thumb Ring
60:40 Ballistics
60:37 Scale Mail Armor
60:47 Forging
60:53 Forging
61:21 Leather Archer Armor
61:50 Bracer
62:53 Chemistry
61:31 Pikeman
62:11 Squires
62:29 Chain Mail Armor
62:50 Iron Casting
62:56 Iron Casting
64:55 Plate Mail Armor
65:07 Elite Temple Guard
Ux'Novack
4:44 Loom
9:41 Feudal Age
10:10 Double-Bit Axe
12:45 Fletching
22:59 Castle Age
23:07 Crossbowman
23:48 Bodkin Arrow
25:00 Wheelbarrow
25:00 Horse Collar
28:27 Ballistics
29:43 Thumb Ring
31:03 Stone Mining
37:34 Gold Mining
43:10 Imperial Age
42:29 Gold Shaft Mining
43:15 Arbalester
44:08 Bracer
45:11 Chemistry
46:30 Padded Archer Armor
55:35 Conscription
55:18 Onager
57:33 Leather Archer Armor
61:49 Ring Archer Armor
KOBU ︻芫 ———
2:43 Loom
11:26 Feudal Age
13:27 Double-Bit Axe
13:23 Horse Collar
24:01 Castle Age
23:05 Gold Mining
24:05 Crossbowman
24:07 Elite Skirmisher
30:51 Pikeman
32:59 Fletching
37:17 Scale Barding Armor
40:14 Wheelbarrow
40:55 Bow Saw
40:45 Heavy Plow
41:06 Padded Archer Armor
43:07 Leather Archer Armor
43:55 Gold Shaft Mining
43:11 Stone Mining
44:03 Bodkin Arrow
50:29 Hand Cart
53:21 Imperial Age
52:49 Ballistics
57:20 Onager
59:47 Forging
59:38 Scale Mail Armor
Sastre ᴿˢ-
9:21 Feudal Age
10:00 Loom
17:35 Forging
19:39 Scale Barding Armor
25:40 Castle Age
23:43 Double-Bit Axe
24:22 Gold Mining
30:43 Gold Shaft Mining
33:26 Wheelbarrow
35:00 Chain Barding Armor
40:12 Iron Casting
40:50 Hand Cart
41:45 Bow Saw
46:25 Imperial Age
46:27 Cavalier
47:08 Husbandry
48:44 Paladin
59:22 Plate Barding Armor
63:46 Blast Furnace
MaverickGG1403
0:26 Loom
9:32 Feudal Age
10:06 Double-Bit Axe
14:17 Fletching
20:55 Castle Age
20:13 Gold Mining
20:30 Horse Collar
20:57 Padded Archer Armor
21:00 Crossbowman
21:36 Bodkin Arrow
23:27 Bow Saw
25:51 Ballistics
34:06 Imperial Age
35:08 Thumb Ring
34:49 Arbalester
36:35 Two-Man Saw
35:37 Heavy Plow
36:00 Bracer
37:54 Chemistry
38:42 Leather Archer Armor
42:18 Ring Archer Armor
42:21 Crop Rotation
41:41 Stone Mining
41:39 Capped Ram
42:47 Conscription
43:21 Treadmill Crane
46:31 Pikeman
47:11 Squires
47:13 Scale Mail Armor
47:24 Forging
48:28 Chain Mail Armor
47:35 Halberdier
48:29 Murder Holes
51:28 Iron Casting
55:43 Plate Mail Armor
59:25 Hoardings
Connection lost

Rejoining the realm…

Still unreachable

The connection could not be restored.

Session expired

The server has moved on; the page needs a fresh start.